 Dungeon Crawl Stone Soup version 0.25-a0-50-gf0389da217 (webtiles) character file.

Game seed: 5885275853233023814, levelgen mode: deterministic

3392 Gynju the Arsonist (level 9, -10/45 HPs)
             Began as a Deep Elf Fire Elementalist on Oct 24, 2019.
             Was an Initiate of Vehumet.
             Mangled by Harold
             ... wielding a +0 glaive
              (16 damage)
             ... on level 8 of the Dungeon.
             The game lasted 00:25:32 (8796 turns).

Gynju the Arsonist (Deep Elf Fire Elementalist)     Turns: 8796, Time: 00:25:33

Health: -10/45     AC: 10    Str:  5    XL:     9   Next: 75%
Magic:  19/23      EV: 15    Int: 24    God:    Vehumet [......]
Gold:   405        SH:  0    Dex: 11    Spells: 11/24 levels left

rFire    . . .     SeeInvis .   q - +4 quarterstaff (chaos)
rCold    + . .     Gourm    .   (shield currently unavailable)
rNeg     . . .     Faith    .   a - +1 robe {rC+}
rPois    .         Spirit   .   (no helmet)
rElec    +         Reflect  .   r - +0 cloak
rCorr    .         Harm     .   A - +3 pair of gloves of the Devil's Team {+Fly rElec Dex-4}
MR       .....                  s - +1 pair of boots
Stlth    ++++......             (no amulet)
HPRegen  0.15/turn              t - ring of stealth
MPRegen  0.18/turn              B - ring of stealth

@: no status effects
A: no striking features
a: Renounce Religion, Evoke Flight


You were on level 8 of the Dungeon.
You worshipped Vehumet.
Vehumet was noncommittal.
You were not hungry.

You visited 2 branches of the dungeon, and saw 9 of its levels.

You collected 405 gold pieces.

Inventory:

Hand Weapons
 q - a +4 quarterstaff of chaos (weapon)
Missiles
 m - 2 javelins
 w - 48 poisoned darts (quivered)
Armour
 a - a +1 robe of cold resistance (worn)
 r - a +0 cloak (worn)
 s - a +1 pair of boots (worn)
 A - the +3 pair of gloves of the Devil's Team (worn) {+Fly rElec Dex-4}
   (You found it on level 7 of the Dungeon)

   It affects your dexterity (-4).
   It insulates you from electricity.
   It lets you fly.
Jewellery
 t - a ring of stealth (left hand)
 B - a ring of stealth (right hand)
Wands
 y - a wand of iceblast (11)
Scrolls
 f - 3 scrolls of amnesia
 g - 3 scrolls of fear
 j - 2 scrolls of remove curse {@r2}
 l - 2 scrolls of fog
 E - a scroll of magic mapping
Potions
 e - a potion of mutation {unknown}
 i - 4 potions of lignification
 k - 5 potions of heal wounds
 n - 3 potions of haste
 o - a potion of flight {unknown}
 p - 6 potions of curing {@q1}
 v - a potion of magic {unknown}
 z - a potion of invisibility {unknown}
Comestibles
 b - 8 chunks of flesh
 c - 9 rations


   Skills:
 + Level 7.1 Dodging
 - Level 2.4 Stealth
 + Level 8.0 Spellcasting
 * Level 8.9 Conjurations
 * Level 9.4 Fire Magic


You had 11 spell levels left.
You knew the following spells:

 Your Spells              Type           Power        Failure   Level  Hunger
a - Flame Tongue          Conj/Fire      #####        1%          1    None
b - Conjure Flame         Conj/Fire      ######..     1%          3    None
c - Sticky Flame          Conj/Fire      ######..     1%          4    ##.....
d - Fireball              Conj/Fire      ######....   4%          5    #####..

Your spell library contained the following spells:

 Spells                   Type           Power        Failure   Level  Hunger
 Throw Flame              Conj/Fire      ######       1%          2    None
 Inner Flame              Hex/Fire       ####....     2%          3    None


Dungeon Overview and Level Annotations

Branches:
Dungeon (8/15)             Temple (1/1) D:7
   Lair: D:8-11

Altars:
Ashenzari
Cheibriados
Dithmenos
Elyvilon
Fedhas
Gozag
Hepliaklqana
Kikubaaqudgha
Makhleb
Nemelex Xobeh
Qazlal
Ru
Sif Muna
Trog
Uskayaw
Vehumet
Wu Jian
Xom
Yredelemnul
Zin
The Shining One

Shops:
D:6 %

Annotations:
D:6 2 transporters
D:8 Harold


Message History

Aiming: Flame Tongue (safe; 1% risk of failure)
Press: ? - help, Shift-Dir - straight line, f - Harold
Aim: Harold, wielding a +0 glaive and wearing a +0 scale mail The flame tongue hits Harold!
Harold is lightly wounded.
Harold casts a spell at you. The harpoon shot hits you!
* * * LOW HITPOINT WARNING * * *
You are yanked forward by the harpoon shot.
Harold points at you and mumbles some strange words.
The harpoon shot hits you!
* * * LOW HITPOINT WARNING * * *
You are yanked forward by the harpoon shot.
Things that are here:
a +0 robe; a +0 dagger; an orc skeleton You feel much better.
You are engulfed in blazing flames.
Harold hits you with a +0 glaive!
* * * LOW HITPOINT WARNING * * *
Harold hits you from afar with a +0 glaive!
You die...

..........# # ##
#÷# . #<
..#####[###.#
........
..........#.###
####....
#.######....<...
......
#...............
#Z##....
#.######..######
# ##.#. ...##..#
. ....
#.#.#@####....
.@...
#..###§@......
###.#.####....
#.######.## .
#.....<)#.#
######.###.#
#!## .# ## #


You could see Harold.

Vanquished Creatures
  A two-headed ogre (D:5)
  3 orc warriors
  A sky beast (D:6)
  2 ice beasts (D:5)
  A black bear (D:7)
  6 ogres
  A centaur (D:7)
  A crocodile (D:7)
  2 bullfrogs
  3 scorpions
  A water moccasin skeleton (D:8)
  2 howler monkeys
  4 crimson imps
  2 hounds
  A jelly (D:6)
  3 orc priests
  Crazy Yiuf (D:3)
  8 orc wizards
  A bullfrog skeleton (D:5)
  Terence (D:2)
  2 iguanas
  6 worker ants
  2 hound skeletons
  A howler monkey zombie (D:7)
  A worker ant zombie (D:5)
  6 adders
  2 oozes
  An adder skeleton (D:5)
  A worm (D:2)
  2 dart slugs
  2 leopard geckos
  26 orcs
  5 giant cockroaches
  6 goblins
  11 hobgoblins
  4 jackals
  2 quokkas
  3 ball pythons
  4 bats
  2 frilled lizards
  A jackal skeleton (D:5)
  4 kobolds
  A leopard gecko skeleton (D:4)
  A leopard gecko zombie (D:7)
  A quokka skeleton (D:4)
  9 rats
151 creatures vanquished.

Vanquished Creatures (others)
  18 fungi (D:8)
  3 plants (D:8)
21 creatures vanquished.

Grand Total: 172 creatures vanquished

Notes
Turn   | Place    | Note
-------+----------+-------------------------------------------
     0 | D:1      | Gynju the Deep Elf Fire Elementalist began the quest for
                  | the Orb.
     0 | D:1      | Reached XP level 1. HP: 10/10 MP: 6/6
   223 | D:1      | Reached XP level 2. HP: 15/15 MP: 5/8
   936 | D:2      | Reached XP level 3. HP: 19/19 MP: 7/10
   941 | D:2      | Learned a level 3 spell: Conjure Flame
  1026 | D:2      | Noticed Terence
  1205 | D:2      | Killed Terence
  1205 | D:2      | Reached skill level 4 in Fire Magic
  1612 | D:2      | Reached XP level 4. HP: 23/24 MP: 8/11
  1618 | D:2      | Learned a level 4 spell: Sticky Flame
  2017 | D:3      | Noticed an orc warrior
  2599 | D:3      | Found a runed translucent door.
  2600 | D:3      | Noticed Crazy Yiuf
  2609 | D:3      | Killed Crazy Yiuf
  2609 | D:3      | Reached XP level 5. HP: 28/28 MP: 5/13
  3253 | D:3      | Killed an orc warrior
  3259 | D:3      | Reached skill level 5 in Fire Magic
  3259 | D:3      | Reached XP level 6. HP: 18/32 MP: 1/14
  3535 | D:4      | Found a shattered altar of Ashenzari.
  3591 | D:4      | Found a sparkling altar of Nemelex Xobeh.
  3863 | D:4      | Found a shadowy altar of Dithmenos.
  4327 | D:5      | Entered Level 5 of the Dungeon
  4334 | D:5      | Reached skill level 5 in Spellcasting
  4334 | D:5      | Reached XP level 7. HP: 36/36 MP: 10/16
  4576 | D:5      | Reached skill level 5 in Conjurations
  4611 | D:5      | Noticed a two-headed ogre
  4624 | D:5      | Killed a two-headed ogre
  4624 | D:5      | Reached skill level 5 in Dodging
  4624 | D:5      | Reached skill level 7 in Fire Magic
  4624 | D:5      | Reached XP level 8. HP: 35/41 MP: 11/19
  4631 | D:5      | Learned a level 5 spell: Fireball
  4915 | D:5      | Found a stormy altar of Qazlal.
  5618 | D:6      | Found Votuem's Food Emporium.
  5645 | D:6      | Found a snail-covered altar of Cheibriados.
  5647 | D:6      | Noticed a cyclops
  5655 | D:6      | Found a transporter.
  5662 | D:6      | Found a transporter.
  5711 | D:6      | Reached skill level 8 in Fire Magic
  5866 | D:6      | Reached XP level 9. HP: 43/45 MP: 9/21
  6586 | D:6      | Found a shimmering blue altar of Sif Muna.
  6827 | D:7      | Got a polished leather armour
  6828 | D:7      | Identified the +1 leather armour of Inference {Str+2} (You
                  | found it on level 7 of the Dungeon)
  6850 | D:7      | Got a pair of fine gloves
  6856 | D:7      | Identified the +3 pair of gloves of the Devil's Team {+Fly
                  | rElec Dex-4} (You found it on level 7 of the Dungeon)
  7233 | D:7      | Found a glowing silver altar of Zin.
  7234 | D:7      | Noticed an angel
  7235 | D:7      | Found a shimmering altar of Xom.
  7516 | D:7      | Found a staircase to the Ecumenical Temple.
  7522 | Temple   | Entered the Ecumenical Temple
  7744 | Temple   | Became a worshipper of Vehumet
  7817 | D:7      | Reached skill level 9 in Fire Magic
  8466 | D:8      | Noticed Harold
  8794 | D:8      | HP: 2/45 [Harold/harpoon shot (9)]
  8796 | D:8      | Mangled by Harold

Levels and vault maps discovered:
D:1:      shiori_shiawase, layout_basic, skrybe_limestone_x
D:2:      layout_loops_ring, first_ration, uniq_terence
D:3:      layout_rooms, uniq_crazy_yiuf_cottage
D:4:      layout_loops_ring, nicolae_dithmenos_the_darkroom,
          lemuel_crystal_altar, lemuel_crystal_altar
D:5:      layout_rooms, old_standard_altar,
          nicolae_ossuary_entry_false_entrances
D:6:      layout_basic, overflow_temple_1_default,
          gammafunk_temple_overflow_arena, serial_shops, shop,
          kennysheep_decorative_pillar, kennysheep_generic_room_10
D:7:      minmay_skewed_foursquare, layout_basic,
          grunt_temple_overflow_order_and_chaos_1, temple_statues,
          grunt_ministairs_2
D:8:      layout_loops_ring, due_lair_maze_entry_diamond, uniq_harold
Temple:   nicolae_temple_figure_eight

Skill      XL: |  1  2  3  4  5  6  7  8  9 |
---------------+----------------------------+-----
Conjurations   | 2 3 4 6 7 8 |  8.9
Dodging        | 3 4 5 6 7 |  7.1
Fire Magic     | 4 5 7 8 9 |  9.4
Spellcasting   | 4 5 6 7 8 |  8.0
Stealth        | |  2.4

Action                   |  1- 3 |  4- 6 |  7- 9 || total
-------------------------+-------+-------+-------++-------
Melee: Unarmed           |     1 |       |       ||     1
       Mace              |     1 |     1 |       ||     2
       Quarterstaff      |       |     9 |    40 ||    49
       Flail             |       |       |    27 ||    27
Throw: Javelin           |       |     5 |       ||     5
       Dart              |       |     1 |     2 ||     3
 Cast: Flame Tongue      |    68 |   103 |   181 ||   352
       Conjure Flame     |     2 |     3 |     4 ||     9
       Sticky Flame      |       |       |    15 ||    15
 Abil: Evoke Flight      |       |       |     1 ||     1
  Use: Scroll            |       |    12 |     4 ||    16
       Potion            |       |       |     2 ||     2
 Stab: Sleeping          |       |     2 |       ||     2
  Eat: Chunk             |     2 |     8 |    16 ||    26
Armor: Robe              |       |     8 |    30 ||    38
       Leather armour    |       |       |    11 ||    11
Dodge: Dodged            |    16 |    28 |   103 ||   147

Table legend:
 A = Non-vault XP
 B = Vault XP
 C = Vault XP percentage of total XP
 D = Non-vault monster count
 E = Vault monster count
 F = Vault count percentage of total count
                 A         B        C        D         E       F
            +---------+---------+-------+---------+---------+-------
      Total |    4395 |     451 |   9.3 |     142 |       9 |   6.0
            +---------+---------+-------+---------+---------+-------
        D:1 |      32 |       0 |   0.0 |      19 |       0 |   0.0
        D:2 |      33 |      36 |  52.2 |      12 |       1 |   7.7
        D:3 |     278 |      40 |  12.6 |      28 |       1 |   3.4
        D:4 |     406 |       0 |   0.0 |      15 |       0 |   0.0
        D:5 |    1766 |       0 |   0.0 |      20 |       0 |   0.0
        D:6 |     748 |       0 |   0.0 |      23 |       0 |   0.0
        D:7 |     935 |     375 |  28.6 |      18 |       7 |  28.0
        D:8 |     197 |       0 |   0.0 |       7 |       0 |   0.0
            +---------+---------+-------+---------+---------+-------
